 Dungeon Crawl Stone Soup version 0.24-a0-201-gf205589 (webtiles) character file.

Game seed: 9834150502813140550

13300 Hasart the Martial Artist (level 12, -2/81 HPs)
             Began as an Octopode Monk on Mar 22, 2019.
             Was a High Priest of Makhleb.
             Slain by Jorgrun
             ... wielding a +0 quarterstaff of crushing
              (14 damage)
             ... on level 12 of the Dungeon.
             The game lasted 00:34:58 (14944 turns).

Hasart the Martial Artist (Octopode Monk)          Turns: 14944, Time: 00:35:00

Health: -2/81      AC:  1    Str: 14    XL:     12   Next: 4%
Magic:  17/17      EV: 17    Int: 12    God:    Makhleb [*****.]
Gold:   165        SH: 10    Dex: 16    Spells: 11/11 levels left

rFire    . . .     SeeInvis +     - Unarmed
rCold    . . .     Gourm    .   z - +0 shield
rNeg     . . .     Faith    .   (helmet restricted)
rPois    .         Spirit   .   H - amulet of regeneration
rElec    .         Reflect  .   p - ring of protection from magic
rCorr    .         Harm     .   I - ring of stealth
MR       +....                  J - ring of see invisible
Stlth    ++++++....             (no ring)
HPRegen  0.63/turn              (no ring)
MPRegen  0.15/turn              (no ring)
                                (no ring)
                                (no ring)

@: silence
A: almost no armour, stealthy swim, amphibious, 8 rings, constrict 8, camouflage
1, gelatinous body 1
a: Renounce Religion


You were on level 12 of the Dungeon.
You worshipped Makhleb.
Makhleb was extremely pleased with you.
You were not hungry.

You visited 3 branches of the dungeon, and saw 14 of its levels.

You collected 687 gold pieces.
You spent 522 gold pieces at shops.

Inventory:

Armour
 z - a +0 shield (worn)
Jewellery
 g - an uncursed amulet of faith
 i - an uncursed amulet of magic regeneration
 p - a ring of protection from magic (left tentacle)
 H - an amulet of regeneration (around mantle)
 I - a ring of stealth (right tentacle)
 J - a ring of see invisible (on tentacle)
Wands
 j - a wand of digging (7)
 w - a wand of disintegration (3)
 y - a wand of polymorph (14)
 A - a wand of flame (5)
 B - a wand of enslavement (3)
 F - a wand of scattershot (7)
Scrolls
 h - 7 scrolls of identify {unknown}
 m - 3 scrolls of teleportation
 q - 2 scrolls of fog {unknown}
 r - 3 scrolls of remove curse
 t - 4 scrolls of immolation {unknown}
 u - 2 scrolls of noise {unknown}
 v - 3 scrolls of enchant weapon {unknown}
 x - a scroll of blinking {unknown}
 C - 2 scrolls of enchant armour {unknown}
 G - a scroll of amnesia {unknown}
Potions
 b - 3 potions of heal wounds {unknown}
 c - 4 potions of degeneration {unknown}
 e - 4 potions of curing
 f - 3 potions of agility {unknown}
 k - 2 potions of magic {unknown}
 l - 2 potions of berserk rage {unknown}
 n - a potion of invisibility {unknown}
 s - 4 potions of flight {unknown}
 D - a potion of cancellation {unknown}
Comestibles
 a - 22 rations


   Skills:
 + Level 7.5 Fighting
 + Level 7.5 Dodging
 + Level 10.4 Stealth
 * Level 7.2 Shields
 * Level 10.7 Unarmed Combat
 - Level 5.0 Invocations
 + Level 6.7 Evocations


You had 11 spell levels left.
You didn't know any spells.
Your spell library contained the following spells:

 Spells                   Type           Power        Failure   Level  Hunger
 Animate Skeleton         Necr           N/A          65%         1    ##.....
 Corona                   Hex            #......      65%         1    ##.....
 Freeze                   Ice            #...         65%         1    ##.....
 Pain                     Necr           #...         65%         1    ##.....
 Slow                     Hex            #.......     80%         2    ###....
 Throw Frost              Conj/Ice       #.....       80%         2    ###....
 Inner Flame              Hex/Fire       #.......     95%         3    ####...
 Ozocubu's Armour         Chrm/Ice       #.......     95%         3    ####...
 Portal Projectile        Hex/Tloc       #.....       95%         3    ####...
 Regeneration             Chrm/Necr      #.........   95%         3    ####...
 Vampiric Draining        Necr           #.........   95%         3    ####...
 Animate Dead             Necr           N/A          100%        4    #####..
 Cause Fear               Hex            #.........   100%        4    #####..
 Leda's Liquefaction      Hex/Erth       #.........   100%        4    #####..
 Summon Ice Beast         Ice/Summ       #.......     100%        4    #####..
 Throw Icicle             Conj/Ice       #.......     100%        4    #####..


Dungeon Overview and Level Annotations

Branches:
Dungeon (12/15)            Temple (1/1) D:5            Lair (0/6) D:9
    Orc (1/2) D:11

Altars:
Ashenzari
Cheibriados
Dithmenos
Elyvilon
Fedhas
Gozag
Hepliaklqana
Kikubaaqudgha
Makhleb
Nemelex Xobeh
Okawaru
Qazlal
Ru
Sif Muna
Trog
Uskayaw
Vehumet
Wu Jian
Xom
Yredelemnul
Zin
The Shining One

Shops:
D:10 =

Annotations:
D:2 1 runed translucent door, Crazy Yiuf
D:12 Jorgrun


Innate Abilities, Weirdness & Mutations

You cannot wear most types of armour.
You are very stealthy in the water. (Stealth+)
You are amphibious.
You can wear up to eight rings at the same time.
You can use your tentacles to constrict eight enemies at once.
Your skin changes colour to match your surroundings (Stealth+).
Your rubbery body absorbs attacks. (AC +1, EV +1)


Message History

Jorgrun hits you with a +0 quarterstaff of crushing!
* * * LOW HITPOINT WARNING * * *
x2 Unknown command.
You bludgeon Jorgrun! You squeeze Jorgrun, but do no damage.
Jorgrun is lightly wounded.
You constrict Jorgrun.
Unknown command.
You bludgeon Jorgrun!
Jorgrun is moderately wounded.
You constrict Jorgrun. Jorgrun misses you.
Unknown command.
You tentacle-slap Jorgrun but do no damage.
Jorgrun is moderately wounded.
You constrict Jorgrun. You block Jorgrun's attack.
Unknown command.
You tentacle-slap Jorgrun.
Jorgrun is moderately wounded.
You constrict Jorgrun.
Jorgrun hits you with a +0 quarterstaff of crushing!
You die...

#.#####...######
#.# #.#####... #.#
#...##### #.#
###...### #.#
###...### #.#
###...### #.#
##########...###
#..
...............#
...$..g@.........#
#######†.####.....
#..# ##### #..#
#..# #..# ....
####


You could see Jorgrun.

Vanquished Creatures
  Sonja (D:11)
  Pikel (D:5)
  A cyclops (D:12)
  Grinder (D:5)
  3 hornets
  4 hippogriffs
  Eustachio (D:5)
  5 yaks
  A hungry ghost (D:11)
  A warg (D:11)
  Edmund (D:5)
  Menkaure (D:5)
  A crocodile (D:9)
  A water moccasin (D:12)
  A porcupine (D:9)
  7 soldier ants
  4 black bears (D:9)
  8 orc warriors
  2 slaves (D:5)
  An eye of draining (D:9)
  3 ice beasts
  5 sky beasts
  7 ogres
  5 centaurs
  A necrophage (D:9)
  3 phantoms
  A big kobold (D:9)
  7 bullfrogs
  3 scorpions
  12 wights
  6 killer bees (D:10)
  4 howler monkeys
  5 crimson imps
  2 centaur zombies
  4 hounds
  A quasit (D:8)
  A wyvern simulacrum (D:11)
  2 centaur skeletons
  8 orc priests
  2 bullfrog skeletons
  5 iguanas
  11 orc wizards
  24 worker ants
  A killer bee zombie (D:8)
  2 worker ant zombies
  Robin (D:2)
  12 adders
  2 shadow imps
  2 oozes
  2 adder skeletons (D:6)
  2 dart slugs
  2 worms
  8 leopard geckos
  32 orcs
  2 giant cockroaches
  21 goblins
  9 hobgoblins
  7 jackals
  4 quokkas
  5 ball pythons
  4 bats
  2 frilled lizards
  A jackal skeleton (D:4)
  9 kobolds
  A leopard gecko zombie (D:6)
  5 rats
304 creatures vanquished.

Vanquished Creatures (collateral kills)
  A rakshasa (D:11)
  A queen ant (D:11)
  An orc knight (D:11)
  2 worker ants (D:11)
  2 orcs (Orc:1)
7 creatures vanquished.

Vanquished Creatures (others)
  A yak (D:9)
  A slave (D:5)
  12 fungi (D:9)
  2 plants (D:9)
16 creatures vanquished.

Grand Total: 327 creatures vanquished

Notes
Turn   | Place    | Note
-------+----------+-------------------------------------------
     0 | D:1      | Hasart the Octopode Monk began the quest for the Orb.
     0 | D:1      | Reached XP level 1. HP: 16/16 MP: 1/1
   185 | D:1      | Reached XP level 2. HP: 21/21 MP: 2/2
   779 | D:2      | Reached XP level 3. HP: 24/26 MP: 3/3
   903 | D:2      | Noticed Robin
  1601 | D:2      | Reached XP level 4. HP: 31/31 MP: 4/4
  1610 | D:2      | Killed Robin
  2603 | D:2      | Found a runed translucent door.
  2604 | D:2      | Noticed Crazy Yiuf
  2910 | D:3      | Reached XP level 5. HP: 25/36 MP: 5/5
  3728 | D:4      | Reached skill level 5 in Unarmed Combat
  3728 | D:4      | Reached skill level 1 in Evocations
  3734 | D:4      | Reached XP level 6. HP: 28/42 MP: 6/6
  4489 | D:4      | Reached skill level 5 in Stealth
  4489 | D:4      | Reached XP level 7. HP: 47/47 MP: 8/8
  5185 | D:5      | Entered Level 5 of the Dungeon
  5185 | D:5      | Noticed Edmund
  5193 | D:5      | Killed Edmund
  5213 | D:5      | Reached XP level 8. HP: 54/54 MP: 10/10
  5291 | D:5      | Found a staircase to the Ecumenical Temple.
  5297 | Temple   | Entered the Ecumenical Temple
  5439 | Temple   | Became a worshipper of Makhleb the Destroyer
  5439 | Temple   | Reached * piety under Makhleb
  5439 | Temple   | Reached ** piety under Makhleb
  5492 | D:5      | Noticed Grinder
  5502 | D:5      | Killed Grinder
  5502 | D:5      | Reached skill level 1 in Invocations
  5579 | D:5      | Noticed Menkaure
  5590 | D:5      | Killed Menkaure
  5748 | D:5      | Noticed Pikel
  5766 | D:5      | Killed Pikel
  5766 | D:5      | Reached skill level 5 in Fighting
  5766 | D:5      | Reached skill level 5 in Dodging
  5806 | D:5      | Reached XP level 9. HP: 45/61 MP: 10/12
  5948 | D:5      | Found a radiant altar of Vehumet.
  5949 | D:5      | Found a hide-covered altar of Uskayaw.
  6404 | D:5      | Noticed Eustachio
  6461 | D:5      | Killed Eustachio
  7474 | D:6      | Reached skill level 1 in Shields
  7858 | D:7      | Found a blossoming altar of Fedhas.
  7859 | D:7      | Noticed a hornet
  7860 | D:7      | Found a shattered altar of Ashenzari.
  7861 | D:7      | Found a stormy altar of Qazlal.
  7872 | D:7      | Killed a hornet
  8158 | D:7      | Found a basalt altar of Yredelemnul.
  8158 | D:7      | Found a glowing silver altar of Zin.
  8188 | D:7      | You fall through a shaft for 3 floors!
  8188 | D:10     | Entered Level 10 of the Dungeon
  8716 | D:9      | Reached skill level 5 in Evocations
  8726 | D:9      | Reached *** piety under Makhleb
  8739 | D:9      | Reached XP level 10. HP: 57/68 MP: 13/13
  8747 | D:9      | Found a staircase to the Lair.
  9943 | D:9      | You fall through a shaft for 3 floors!
 10076 | D:10     | Found Halu's Jewellery Shoppe.
 10237 | D:11     | Noticed Sonja
 10240 | D:11     | Killed Sonja
 10252 | D:11     | Reached skill level 5 in Invocations
 10343 | D:11     | Reached **** piety under Makhleb
 10493 | D:11     | Reached skill level 5 in Shields
 10613 | D:11     | Noticed a rakshasa
 10710 | D:10     | Reached XP level 11. HP: 74/74 MP: 15/15
 12714 | D:10     | Reached skill level 10 in Unarmed Combat
 12724 | D:10     | Bought an uncursed amulet of regeneration for 330 gold
                  | pieces
 12724 | D:10     | Bought an uncursed ring of stealth for 192 gold pieces
 13434 | D:11     | Reached skill level 10 in Stealth
 13483 | D:11     | Reached ***** piety under Makhleb
 13728 | D:11     | Killed a rakshasa
 14013 | D:11     | Noticed a queen ant
 14088 | D:11     | Killed a queen ant
 14406 | D:11     | Found a staircase to the Orcish Mines.
 14446 | Orc:1    | Entered Level 1 of the Orcish Mines
 14451 | Orc:1    | Noticed an orc knight
 14656 | D:11     | Killed an orc knight
 14866 | D:12     | Noticed a cyclops
 14880 | D:12     | Killed a cyclops
 14880 | D:12     | Reached XP level 12. HP: 81/81 MP: 17/17
 14923 | D:12     | Noticed Jorgrun
 14936 | D:12     | HP: 3/81 [water moccasin (7)]
 14944 | D:12     | Slain by Jorgrun

Levels and vault maps discovered:
D:1:      dpeg_arrival_simpleton_b, layout_basic
D:2:      layout_basic, hangedman_decor_growths, dk_noncrumbling_4,
          minmay_shallow_snake_nest, uniq_crazy_yiuf_cottage, uniq_robin
D:3:      layout_basic
D:4:      minmay_opposing_rooms, layout_cave_pools, first_ration
D:5:      layout_basic, gammafunk_temple_overflow_pools,
          minmay_temple_entry_offerings, corexii_corridor_pit,
          minmay_ogre_servants, uniq_grinder, uniq_pikel, uniq_eustachio,
          uniq_menkaure, uniq_edmund
D:6:      layout_basic, serial_curves, eino_curves_02, eino_curves_04
D:7:      layout_gridville, grunt_temple_overflow_open,
          chequers_serial_rivers_small_b
D:8:      layout_gridville
D:9:      layout_irregular_city, due_lair_maze_entry_diamond,
          ebering_dispersal_statue_hall
D:10:     layout_roguey, serial_shops, nicolae_shop_competitors_out_of_business,
          hangedman_pestilent_swarm
D:11:     layout_loops_cross, erik_orc_2, minmay_another_anthill, uniq_sonja
D:12:     minmay_the_grid_triangle_9x9_recursive_3
          [minmay_the_grid_triangle_9x9_longest,
          minmay_the_grid_triangle_9x9_minimal,
          minmay_the_grid_triangle_9x9_fully_insulated_deathbox,
          minmay_the_grid_triangle_9x9_prize_special,
          minmay_the_grid_triangle_9x9_cache,
          minmay_the_grid_triangle_9x9_from_above,
          minmay_the_grid_triangle_9x9_stretched_checkered,
          minmay_the_grid_triangle_9x9_odd_lines,
          minmay_the_grid_triangle_9x9_intruding_spiral], layout_long_grid,
          uniq_jorgrun
Temple:   regret_index_temple_waves
Orc:1:    layout_diamond_mine, serial_shops, nicolae_shop_trees,
          trog_hazing_becter, uniq_josephine

Skill      XL: |  1  2  3  4  5  6  7  8  9 10 11 |
---------------+----------------------------------+-----
Stealth        | 3 4 5 7 8 9 10 | 10.4
Unarmed Combat | 4 5 6 7 8 9 10 | 10.7
Evocations     | 1 2 4 5 6 |  6.7
Dodging        | 4 5 6 7 |  7.5
Fighting       | 4 5 6 7 |  7.5
Invocations    | 2 3 5 |  5.0
Shields        | 2 5 7 |  7.2

Action                   |  1- 3 |  4- 6 |  7- 9 | 10-12 || total
-------------------------+-------+-------+-------+-------++-------
Melee: Unarmed           |    67 |   127 |   260 |   555 ||  1009
       Constrict         |    18 |    31 |    50 |   107 ||   206
       Punch             |     1 |     2 |    15 |    46 ||    64
       Tentacles         |    13 |    30 |    59 |   147 ||   249
Invok: Minor Destruction |       |       |     7 |     1 ||     8
       Lesser Servant of |       |       |       |     7 ||     7
       Major Destruction |       |       |       |     1 ||     1
Evoke: Wand              |       |       |     8 |    28 ||    36
  Use: Scroll            |       |       |     5 |     3 ||     8
       Potion            |       |       |       |     4 ||     4
 Stab: Sleeping          |    10 |    10 |    13 |    27 ||    60
       Distracted        |       |     1 |     2 |     5 ||     8
       Paralysed         |       |       |       |     5 ||     5
  Eat: Chunk             |     2 |     9 |    11 |    19 ||    41
       Ration            |       |       |     1 |       ||     1
Armor: Skin              |     5 |     4 |     8 |     8 ||    25
Dodge: Dodged            |    36 |    73 |   139 |   266 ||   514
Block: Shield            |       |       |    17 |   195 ||   212

Table legend:
 A = Non-vault XP
 B = Vault XP
 C = Vault XP percentage of total XP
 D = Non-vault monster count
 E = Vault monster count
 F = Vault count percentage of total count
                 A         B        C        D         E       F
            +---------+---------+-------+---------+---------+-------
      Total |   11989 |    7012 |  36.9 |     216 |      93 |  30.1
            +---------+---------+-------+---------+---------+-------
        D:1 |      26 |       6 |  18.8 |      15 |       3 |  16.7
        D:2 |      70 |      46 |  39.7 |      16 |      13 |  44.8
        D:3 |      97 |       0 |   0.0 |      16 |       0 |   0.0
        D:4 |     541 |     200 |  27.0 |      24 |       7 |  22.6
        D:5 |     398 |    1622 |  80.3 |      14 |      14 |  50.0
        D:6 |     595 |       0 |   0.0 |      15 |       0 |   0.0
        D:7 |    1015 |       0 |   0.0 |      14 |       0 |   0.0
        D:8 |    1710 |       0 |   0.0 |      20 |       0 |   0.0
        D:9 |    1244 |    1058 |  46.0 |      21 |       9 |  30.0
       D:10 |    2532 |     731 |  22.4 |      26 |       4 |  13.3
       D:11 |    2825 |    3349 |  54.2 |      27 |      43 |  61.4
       D:12 |     747 |       0 |   0.0 |       3 |       0 |   0.0
      Orc:1 |     189 |       0 |   0.0 |       5 |       0 |   0.0
            +---------+---------+-------+---------+---------+-------
